 Dungeon Crawl Stone Soup version 0.27-a0-1513-g2aaa0cc67b (webtiles) character file.

Game seed: 4663730417233446152

164 mandarbmax the Caller (level 5, 0/28 HPs)
             Began as a Tengu Summoner on July 9, 2021.
             Slain by Grinder (2 damage)
             ... on level 3 of the Dungeon.
             The game lasted 00:07:41 (3640 turns).

mandarbmax the Caller (Tengu Summoner)              Turns: 3640, Time: 00:07:42

Health: 0/28       AC:  3    Str:  9    XL:     5   Next: 45%
Magic:  2/9        EV: 14    Int: 16    God:
Gold:   160        SH:  0    Dex: 14    Spells: 1/8 levels left

rFire    . . .     SeeInvis .   j - +0 spear
rCold    . . .     Faith    .   (no shield)
rNeg     . . .     Spirit   .   a - +0 robe
rPois    .         Reflect  .   (helmet restricted)
rElec    .         Harm     .   (no cloak)
rCorr    .         Rampage  .   i - +0 pair of gloves
Will     .....                  (boots unavailable)
Stlth    ++........             (no amulet)
HPRegen  0.09/turn              (no ring)
MPRegen  0.11/turn              (no ring)

@: flying quickly and evasively, quick
A: beak, talons 3, nimble flight
a: no special abilities


You were on level 3 of the Dungeon.
You visited 1 branch of the dungeon, and saw 3 of its levels.

You collected 160 gold pieces.

Inventory:

Hand Weapons
 d - a +0 dagger of venom
 j - a +0 spear (weapon)
Armour
 a - a +0 robe (worn)
 b - a +0 kite shield
 i - a +0 pair of gloves (worn)
Scrolls
 e - a scroll of silence {unknown}
 h - 4 scrolls of identify {unknown}
 k - a scroll of noise {unknown}
 m - a scroll of brand weapon {unknown}
 n - 2 scrolls of vulnerability {unknown}
 o - a scroll of summoning {unknown}
 p - a scroll of holy word {unknown}
Potions
 c - a potion of heal wounds {unknown}
 f - a potion of flight {unknown}
 g - a potion of curing
 l - 2 potions of berserk rage {unknown}


   Skills:
 - Level 2.1 Dodging
 - Level 2.0 Stealth
 - Level 2.0 Spellcasting
 * Level 7.7 Summonings
 + Level 1.6 Air Magic


You had one spell level left.
You knew the following spells:

 Your Spells              Type           Power      Damage    Failure   Level
a - Summon Small Mammal   Summ           100%       N/A       1%          1
b - Call Imp              Summ           26%        N/A       1%          2
c - Summon Lightning Spi  Summ/Air       16%        N/A       30%         4

Your spell library contained the following spells:

 Spells                   Type           Power      Damage    Failure   Level
 Call Canine Familiar     Summ           26%        N/A       2%          3
 Summon Guardian Golem    Hex/Summ       13%        N/A       13%         3


Dungeon Overview and Level Annotations

Branches:
Dungeon (3/15)

Altars:
Wu Jian

Shops:
D:1 (   D:2 ?

Annotations:
D:3 Grinder


Innate Abilities, Weirdness & Mutations

You have a beak for a mouth.
You have claws for feet.
Your magical nature lets you fly swiftly and evasively.


Message History

* * * LOW HITPOINT WARNING * * *
Unknown command.
Grinder hits your white imp!
Your white imp gestures at Grinder.
The puff of frost hits Grinder.
Grinder resists.
Unknown command.
Casting: Summon Small Mammal (safe; 1% risk of failure)
Confirm with . or Enter, or press ? or * to list all spells.
Grinder drinks a potion.
Grinder is healed!
Your quokka barely misses Grinder.
Your white imp hits Grinder but does no damage.
Your quokka bites Grinder.
Unknown command.
Unknown command.
Your quokka bites Grinder.
Grinder gestures at your white imp.
Your white imp suddenly stops moving!
Your quokka closely misses Grinder.
Unknown command.
Reach: j) +0 spear
Press: ? - help, Dir - move target, f/p - Grinder
Aim: Grinder (severely wounded, ally target, about 43% to evade your +0 spear)
You reach to attack!
You strike the helpless Grinder from behind!
You hit Grinder but do no damage.
Grinder is severely wounded.
Your quokka bites Grinder.
Grinder blinks!
Your quokka barely misses Grinder.
Unknown command.
Unknown command.
You hit Grinder. Your kick misses Grinder.
Grinder is severely wounded.
Grinder misses you.
Your quokka bites Grinder.
Your shadow imp hits Grinder.
Your quokka bites Grinder but does no damage.
Your crimson imp blinks!
You closely miss Grinder.
Grinder is almost dead.
Your quokka bites Grinder but does no damage.
Grinder hits you.
* * * LOW HITPOINT WARNING * * *
You writhe in agony.
You die...

......## ##.......##
##.##.(.# ##.####
##.....## #.##...#
#.# ##...## #.##...#
#.# ##'## #......#
#.# #.# #......# #.#
####.##### ####.###
#.# #####........#
#.# ......r55....#
#.# ###...rr@...#
#.# #5.#.5.#..# #.#
#..##.##..########.#
#. ...............#
#. #####.###########


You could see Grinder (ally target), a friendly crimson imp (summoned), a
friendly white imp (summoned, paralysed), a friendly shadow imp (summoned) and 3
friendly quokkas.

Vanquished Creatures
  3 adders
  An ufetubus (D:3)
  A worm (D:3)
  A dart slug (D:1)
  An orc (D:3)
  3 ball pythons (D:1)
  4 endoplasms
  3 giant cockroaches
  5 goblins
  2 hobgoblins
  4 jackals
  3 quokkas
  7 bats
  3 frilled lizards
  2 kobolds
  A rat (D:1)
44 creatures vanquished.

Vanquished Creatures (collateral kills)
  An orc priest (D:3)
  An orc wizard (D:3)
  4 gnolls (D:2)
  2 adders (D:2)
  A worm (D:2)
  A dart slug (D:1)
  3 orcs (D:3)
  2 endoplasms (D:1)
  2 ball pythons
  2 frilled lizards (D:1)
  A goblin (D:1)
  A kobold (D:1)
  A rat (D:1)
22 creatures vanquished.

Grand Total: 66 creatures vanquished

Notes
Turn   | Place    | Note
-------+----------+-------------------------------------------
     0 | D:1      | mandarbmax the Tengu Summoner began the quest for the Orb.
     0 | D:1      | Reached XP level 1. HP: 10/10 MP: 4/4
    35 | D:1      | Reached skill level 5 in Summonings
   292 | D:1      | Reached XP level 2. HP: 15/15 MP: 6/6
   446 | D:1      | Learned a level 2 spell: Call Imp
   472 | D:1      | Found Wuppu's Weapon Boutique.
   960 | D:1      | Reached XP level 3. HP: 19/19 MP: 7/7
   986 | D:1      | Reached skill level 6 in Summonings
  1595 | D:2      | Reached XP level 4. HP: 21/24 MP: 0/8
  1729 | D:2      | Found Yggiop's Magic Scroll Shoppe.
  1763 | D:2      | Found an ornate altar of the Wu Jian Council.
  1987 | D:2      | Reached skill level 7 in Summonings
  2269 | D:2      | Found a faded altar of an unknown god.
  2731 | D:3      | Learned a level 4 spell: Summon Lightning Spire
  2842 | D:3      | Gained mutation: Your magical nature lets you fly swiftly
                  | and evasively. [Tengu growth]
  2842 | D:3      | Reached XP level 5. HP: 16/28 MP: 2/9
  2977 | D:3      | Reached skill level 1 in Air Magic
  3581 | D:3      | Noticed Grinder
  3627 | D:3      | Paralysed by Grinder for 3 turns
  3640 | D:3      | Slain by Grinder

Illustrated notes

Levels and vault maps discovered:
D:1:      psy_arrival_terrarium, layout_rooms, serial_shops, shop,
          minmay_heptomino_d4
D:2:      layout_rooms, hellmonk_ecumenical_altar_dog_temple, serial_shops,
          shop, basic_altar, minivault_5, grunt_decor_resistance
D:3:      layout_loops_corners, uniq_grinder

Skill      XL: |  1  2  3  4  5 |
---------------+----------------+-----
Summonings     | 5 6 7 |  7.7
Air Magic      | 1 |  1.6
Dodging        | |  2.1
Stealth        | |  2.0
Spellcasting   | |  2.0

Action                   |  1- 3 |  4- 6 || total
-------------------------+-------+-------++-------
Melee: Unarmed           |     5 |       ||     5
       Dagger            |    60 |       ||    60
       Kick              |    13 |    20 ||    33
       Peck              |     7 |    11 ||    18
       Spear             |       |    87 ||    87
 Cast: Summon Small Mamm |    26 |     8 ||    34
       Call Imp          |    10 |    11 ||    21
 Stab: Sleeping          |     5 |     8 ||    13
       Distracted        |       |     1 ||     1
Armor: Robe              |    16 |    17 ||    33
Dodge: Dodged            |    48 |    45 ||    93

Table legend: (Time is in decaauts)
 A = Elapsed time spent in this place.
 B = Non-inter-level travel time spent in this place.
 C = Inter-level travel time spent in this place.
 D = Time resting spent in this place.
 E = Time spent auto-exploring this place.
 F = Levels seen in this place.
 G = Mean time per level.
                   A        B        C        D        E       F      G
               +--------+--------+--------+--------+--------+-----+--------+
         Total |   3613 |   3507 |    106 |   1292 |   1675 |   3 | 1204.3 |
       Dungeon |   3613 |   3507 |    106 |   1292 |   1675 |   3 | 1204.3 |
               +--------+--------+--------+--------+--------+-----+--------+

Top non-repeatable levels by time:
     D:1: 1406 daAuts
     D:2: 1250 daAuts
     D:3: 956 daAuts
